AoeStats
← Savitar1678

Arabia

509945809Analyzed
1v1 RM · 3d ago on Sep 28, 2026· 38m 18s· 2 players
Game mode
Random Map
Map size
Tiny (2 player)
Population
200
Speed
Normal
Resources
Standard
Victory
Conquest
Starting age
Dark Age
Ending age
Imperial Age
RankedLock teamsTeams togetherTeam positionsShared explorationLock speedFull tech treeHidden civsTurbo modeCheats
Victory
Defeat
🇦🇷 Italians · Argentina
1051
+16
🇺🇸 Jurchens · United States
1042
-16
Savitar1678
6:31 Loom
11:07 Feudal Age
12:07 Double-Bit Axe
20:20 Castle Age
18:27 Stone Mining
18:53 Fletching
19:55 Gold Mining
23:32 Scale Barding Armor
23:26 Bodkin Arrow
23:43 Forging
25:33 Bloodlines
30:51 Bow Saw
33:02 Elite Skirmisher
34:42 Wheelbarrow
35:41 Padded Archer Armor
Bruber
8:55 Loom
19:36 Feudal Age
20:44 Double-Bit Axe
21:07 Horse Collar
23:29 Castle Age
21:28 Stone Mining
21:29 Gold Mining
25:11 Fletching
27:58 Imperial Age
26:22 Wheelbarrow
25:54 Bodkin Arrow
28:51 Ballistics
31:00 Bracer
32:27 Padded Archer Armor
34:48 Bow Saw
36:21 Hand Cart
Connection lost

Rejoining the realm…

Still unreachable

The connection could not be restored.

Session expired

The server has moved on; the page needs a fresh start.